 Dungeon Crawl Stone Soup version 0.20-a0-201-g851c6fa (webtiles) character file.

113 KristoblXynda the Ducker (level 5, -3/30 HPs)
             Began as a Kobold Gladiator on Nov 24, 2016.
             Killed by divine providence
             ... invoked by an orc priest
              (14 damage)
             ... on level 4 of the Dungeon.
             The game lasted 00:05:22 (2738 turns).

KristoblXynda the Ducker (Kobold Gladiator)         Turns: 2738, Time: 00:05:23

Health: -3/30      AC:  5    Str: 14    XL:     5   Next: 17%
Magic:  5/5        EV: 17    Int: 14    God:
Gold:   65         SH:  0    Dex: 15    Spells: 4/4 levels left

rFire  . . .     SeeInvis .     r - +1 whip
rCold  . . .     Gourm    .     n - +0 robe
rNeg   . . .     Faith    .     (shield restricted)
rPois  .         Spirit   .     c - +1 helmet
rElec  .         Reflect  .     i - +0 cloak
rCorr  .         Harm     .     (no gloves)
MR     .....                    (no boots)
Stlth  ++........               (no amulet)
                                (no ring)
                                (no ring)

@: brilliant
A: carnivore 3
a: no special abilities


You were on level 4 of the Dungeon.
You were completely stuffed.

You visited 1 branch of the dungeon, and saw 4 of its levels.

You collected 65 gold pieces.

Inventory:

Hand Weapons
 r - a +1 whip (weapon)
Missiles
 d - 3 throwing nets (quivered)
Armour
 c - a +1 helmet (worn)
 i - a +0 cloak (worn)
 n - a +0 robe (worn)
Jewellery
 a - an uncursed ring of wizardry {unknown}
Scrolls
 b - 2 scrolls of identify
 g - a scroll of immolation {unknown}
 o - a scroll of teleportation
Potions
 e - a potion of brilliance
 j - a potion of haste {unknown}
 l - a potion of cure mutation
 m - a potion of heal wounds {unknown}
 p - a potion of curing
 s - a potion of ambrosia {unknown}
Comestibles
 f - 2 meat rations
 h - a beef jerky
 k - 2 slices of pizza


   Skills:
 - Level 2.1 Fighting
 + Level 3.6 Maces & Flails
 - Level 2.1 Throwing
 + Level 4.7 Dodging
 + Level 3.5 Stealth


You had 4 spell levels left.
You didn't know any spells.

Dungeon Overview and Level Annotations

Branches:
Dungeon (4/15)
 Temple: D:4-7

Altars:


Innate Abilities, Weirdness & Mutations

You are small and have problems with some larger weapons.
You are carnivorous and can eat meat at any time.


Message History

You hit the orc priest but do no damage.
The orc priest is lightly wounded.
The orc priest hits you but does no damage.
All of the chunks of flesh in your inventory have rotted away.
You hit the orc priest.
The orc priest is heavily wounded.
The orc priest completely misses you.
You completely miss the orc priest.
The orc priest is heavily wounded.
You barely miss the orc priest.
The orc priest is heavily wounded.
The orc priest completely misses you.
You closely miss the orc priest.
The orc priest is heavily wounded.
The orc priest hits you.
You barely miss the orc priest.
The orc priest is heavily wounded.
The orc priest calls down the wrath of Beogh upon you.
Beogh smites you!
You die...

##.................
####............####
#<...............#
.....#...#.....#.#####
.#...##..#.>..##.....#
.#...###.....###.###..#
.#...# ##...## #.# #
.#...+ ##.## +o# .#...#
#+# #@# .#...# ##.#
#.## #..# #..## #..#
+..# ...# ...#


You could see an orc priest.

Vanquished Creatures
  An adder (D:2)
  3 oozes
  3 worms
  3 dart slugs
  5 leopard geckos
  4 orcs (D:3)
  A ball python (D:1)
  3 giant cockroaches
  4 goblins
  7 hobgoblins
  2 jackals (D:1)
  2 quokkas
  7 bats
  2 frilled lizards
  10 kobolds
  10 rats
67 creatures vanquished.

Notes
Turn   | Place    | Note
-------+----------+-------------------------------------------
     0 | D:1      | KristoblXynda the Kobold Gladiator began the quest for the Orb.
     0 | D:1      | Reached XP level 1. HP: 12/12 MP: 1/1
   138 | D:1      | Reached XP level 2. HP: 17/17 MP: 2/2
   202 | D:1      | Reached skill level 1 in Stealth
   513 | D:1      | Reached XP level 3. HP: 21/21 MP: 3/3
   517 | D:1      | Reached skill level 4 in Dodging
  1341 | D:2      | Reached XP level 4. HP: 11/26 MP: 4/4
  2431 | D:3      | Reached XP level 5. HP: 30/30 MP: 5/5
  2738 | D:4      | Killed from afar by an orc priest

Vault maps used:
D:1:      onia_arrival_larder
D:3:      serial_bayou_pond_c, minmay_misc_feat_cross
D:4:      grunt_decor_arrowhead, lightli_minifort, uniq_duvessa

Skill      XL: |  1  2  3  4 |
---------------+-------------+-----
Maces & Flails | 3 |  3.6
Stealth        | 1 2 3 |  3.5
Dodging        | 4 |  4.7
Fighting       | |  2.1
Throwing       | |  2.1

Action                   |  1- 3 |  4- 6 || total
-------------------------+-------+-------++-------
Melee: Flail             |    99 |    53 ||   152
       Whip              |       |    70 ||    70
  Use: Scroll            |     4 |     5 ||     9
       Potion            |       |     2 ||     2
 Stab: Sleeping          |     3 |     4 ||     7
  Eat: Chunk             |     6 |     8 ||    14
Armor: Leather armour    |    22 |       ||    22
       Robe              |       |    22 ||    22
Dodge: Dodged            |    90 |    90 ||   180
